 Dungeon Crawl Stone Soup version 0.26.1-11-gd32895ea62 (webtiles) character file.

Game seed: 4725298408918307938

562 H0rd4k the Insei (level 7, 0/44 HPs)
             Began as an Octopode Transmuter on May 31, 2021.
             Slain by Menkaure (25 damage)
             ... on level 4 of the Dungeon.
             The game lasted 00:06:34 (4586 turns).

H0rd4k the Insei (Octopode Transmuter)              Turns: 4586, Time: 00:06:35

Health: 0/44       AC:  3    Str: 10    XL:     7   Next: 32%
Magic:  11/11      EV: 14    Int: 19    God:
Gold:   156        SH:  0    Dex: 12    Spells: 8/12 levels left

rFire    x . .     SeeInvis .     - Unarmed
rCold    + . .     Faith    .   (no shield)
rNeg     . . .     Spirit   .   (helmet restricted)
rPois    .         Reflect  .   l - amulet of regeneration
rElec    .         Harm     .   h - ring of ice
rCorr    .         Rampage  .   (no ring)
Will     .....                  (no ring)
Stlth    ++........             (no ring)
HPRegen  0.54/turn              (no ring)
MPRegen  0.12/turn              (no ring)
                                (no ring)
                                (no ring)

@: no status effects
A: almost no armour, stealthy swim, amphibious, 8 rings, constrict 8, icy blue
scales 1, camouflage 1, blurry vision 1, clever 1, screaming 1, gelatinous body
1
a: no special abilities


You were on level 4 of the Dungeon.
You visited 1 branch of the dungeon, and saw 4 of its levels.

You collected 156 gold pieces.

Inventory:

Missiles
 a - 21 poisoned darts (quivered)
Jewellery
 h - a ring of ice (left tentacle)
 l - an amulet of regeneration (around mantle)
Wands
 q - a wand of polymorph (7)
Scrolls
 b - 3 scrolls of magic mapping {unknown}
 g - a scroll of noise {unknown}
 i - a scroll of amnesia {unknown}
 j - 2 scrolls of remove curse {unknown}
 k - a scroll of enchant armour {unknown}
 m - 3 scrolls of identify {unknown}
 n - 2 scrolls of teleportation {unknown}
 o - a scroll of immolation {unknown}
Potions
 d - a potion of resistance
 f - a potion of lignification {unknown}
 p - 2 potions of flight {unknown}
 r - a potion of berserk rage {unknown}


   Skills:
 + Level 1.9 Fighting
 + Level 0.2 Throwing
 + Level 3.0 Dodging
 - Level 0.8 Stealth
 + Level 5.8 Unarmed Combat
 * Level 3.1 Spellcasting
 * Level 3.5 Transmutations
 + Level 2.3 Poison Magic


You had 8 spell levels left.
You knew the following spells:

 Your Spells              Type           Power        Failure   Level
a - Beastly Appendage     Tmut           32%          3%          1
b - Spider Form           Tmut/Pois      7%           14%         3

Your spell library contained the following spells:

 Spells                   Type           Power        Failure   Level
 Wereblood                Tmut           16%          5%          2
 Ice Form                 Ice/Tmut       14%          58%         4
 Blade Hands              Tmut           8%           69%         5


Dungeon Overview and Level Annotations

Branches:
Dungeon (4/15)
 Temple: D:4-7

Altars:

Annotations:
D:4 2 runed translucent doors, Menkaure; grovkorv's ghost, amateur DgWz


Innate Abilities, Weirdness & Mutations

You cannot wear most types of armour.
You are very stealthy in the water. (Stealth+)
You are amphibious.
You can wear up to eight rings at the same time.
You can use your tentacles to constrict eight enemies at once.
Your skin changes colour to match your surroundings (Stealth+).
Your rubbery body absorbs attacks. (AC +1, EV +1)
You are partially covered in icy blue scales. (AC +2)
Scrolls take you a little longer to read.
Your mind is acute. (Int +2)
You occasionally shout uncontrollably at your foes.


Message History

Menkaure is nearby!
Menkaure is nearby!
Okay, then.
Unknown command.
There is a stone staircase leading up here.
Menkaure calls on the powers of darkness!
Your body is wracked with pain!
You tentacle-slap Menkaure but do no damage.
You grab Menkaure. You tentacle-slap Menkaure.
Menkaure is moderately damaged.
You constrict Menkaure. Menkaure barely misses you.
You tentacle-slap Menkaure.
Menkaure is heavily damaged.
You constrict Menkaure.
You tentacle-slap Menkaure but do no damage.
Menkaure is heavily damaged.
You constrict Menkaure, but do no damage.
Menkaure hits you!!
Ouch! That really hurt!
You die...

### ###.# #...### #
#.#@#.. #.. #<#M#.#
#...###.#.####
#.......#....#
#............#
#...######.(.#
..............+ #
##..#####.....#####W.#.#
.. ............M<.......


You could see Menkaure.

Vanquished Creatures
  An orc warrior (D:3)
  2 scorpions (D:4)
  An orc priest (D:3)
  5 orc wizards
  A worker ant (D:4)
  A killer bee zombie (D:4)
  4 adders
  6 gnolls
  2 worms (D:3)
  A dart slug (D:2)
  2 leopard geckos
  9 orcs
  4 giant cockroaches
  9 goblins
  10 hobgoblins
  4 jackals
  A quokka (D:3)
  4 bats
  6 frilled lizards
  6 kobolds
  A quokka skeleton (D:4)
  6 rats
86 creatures vanquished.

Notes
Turn   | Place    | Note
-------+----------+-------------------------------------------
     0 | D:1      | H0rd4k the Octopode Transmuter began the quest for the Orb.
     0 | D:1      | Reached XP level 1. HP: 13/13 MP: 3/3
     1 | D:1      | Noticed an electric eel
   434 | D:1      | Reached XP level 2. HP: 17/18 MP: 5/5
  1557 | D:2      | Reached XP level 3. HP: 10/23 MP: 6/6
  1563 | D:2      | Learned a level 3 spell: Spider Form
  2594 | D:3      | Reached skill level 4 in Unarmed Combat
  2818 | D:2      | Reached XP level 4. HP: 6/28 MP: 7/7
  3129 | D:3      | Reached skill level 1 in Poison Magic
  3170 | D:3      | Noticed an orc warrior
  3171 | D:3      | HP: 1/28 [orc/+0 dagger (3)]
  3196 | D:4      | Noticed Menkaure
  3210 | D:4      | Found a large runed translucent door.
  3210 | D:4      | Found a large runed translucent door.
  3214 | D:4      | Noticed grovkorv's ghost (amateur DgWz)
  3263 | D:4      | Reached XP level 5. HP: 10/33 MP: 8/8
  3267 | D:4      | Gained mutation: Scrolls take you a little longer to read.
                  | [potion of mutation]
  3267 | D:4      | Gained mutation: You occasionally shout uncontrollably at
                  | your foes. [potion of mutation]
  3267 | D:4      | Gained mutation: You are partially covered in icy blue
                  | scales. (AC +2) [potion of mutation]
  3267 | D:4      | Gained mutation: Your mind is acute. (Int +2) [potion of
                  | mutation]
  3382 | D:4      | Reached skill level 5 in Unarmed Combat
  3382 | D:4      | Reached XP level 6. HP: 38/38 MP: 6/9
  4095 | D:3      | Killed an orc warrior
  4096 | D:3      | Reached XP level 7. HP: 29/44 MP: 7/11
  4586 | D:4      | Slain by Menkaure

Illustrated notes

Levels and vault maps discovered:
D:1:      arrival_aquarium_a, layout_loops_ring, chequers_serial_rivers_micro_b,
          amethyst_killhole
D:2:      layout_loops_ring, minivault_4
D:3:      layout_basic, minmay_surrounded
D:4:      layout_basic, minmay_temple_entry_nine_rooms,
          ebering_ghost_disaster_area, glass_columns_a,
          hangedman_abyss_or_decor_lesser_grid, uniq_menkaure

Skill      XL: |  1  2  3  4  5  6  7 |
---------------+----------------------+-----
Unarmed Combat | 4 5 |  5.8
Poison Magic   | 1 2 |  2.3
Transmutations | 3 |  3.5
Spellcasting   | 3 |  3.1
Dodging        | 3 |  3.0
Fighting       | |  1.9
Throwing       | |  0.2
Stealth        | |  0.8

Action                   |  1- 3 |  4- 6 |  7- 9 || total
-------------------------+-------+-------+-------++-------
Melee: Unarmed           |    96 |   122 |    26 ||   244
       Constrict         |    28 |    20 |     3 ||    51
       Tentacles         |    15 |    17 |     1 ||    33
       Punch             |       |     3 |     2 ||     5
Throw: Dart              |     2 |       |       ||     2
 Cast: Spider Form       |       |     8 |     3 ||    11
Evoke: Wand              |       |     1 |       ||     1
  Use: Potion            |       |     3 |       ||     3
 Stab: Sleeping          |     5 |     4 |     1 ||    10
Armor: Skin              |     2 |     5 |     1 ||     8
Dodge: Dodged            |    50 |    69 |    27 ||   146
